 Dungeon Crawl Stone Soup version 0.22-a0-283-g1871b15 (webtiles) character file.

1649 seren the Slasher (level 8, 0/57 HPs)
             Began as a Vampire Gladiator on Mar 18, 2018.
             Was a Follower of Kikubaaqudgha.
             Slain by an orc warrior
             ... wielding a +0 short sword
              (7 damage)
             ... on level 5 of the Dungeon.
             The game lasted 00:26:29 (9540 turns).

seren the Slasher (Vampire Gladiator)               Turns: 9540, Time: 00:26:30

Health: 0/57       AC:  6    Str: 14    XL:     8   Next: 67%
Magic:  9/9        EV: 15    Int: 11    God:    Kikubaaqudgha [*.....]
Gold:   213        SH:  5    Dex: 16    Spells: 4/7 levels left

rFire    . . .     SeeInvis +   a - +0 long sword
rCold    + . .     Gourm    .   g - +0 buckler
rNeg     + + .     Faith    .   c - +0 leather armour
rPois    +         Spirit   .   C - +1 helmet
rElec    .         Reflect  .   f - +0 cloak
rCorr    .         Harm     .   (no gloves)
MR       .....                  (no boots)
Stlth    ++++......             (no amulet)
HPRegen  0.09/turn              J - +1 ring of evasion
MPRegen  0.11/turn              i - ring of poison resistance

@: regenerating slowly
A: fangs 3, see invisible, unbreathing
a: Bat Form, Receive Corpses, Renounce Religion


You were on level 5 of the Dungeon.
You worshipped Kikubaaqudgha.
Kikubaaqudgha was aware of your devotion.
You were very thirsty.

You visited 2 branches of the dungeon, and saw 7 of its levels.

You collected 213 gold pieces.

Inventory:

Hand Weapons
 a - a +0 long sword (weapon)
 b - a +0 hunting sling
 s - a +0 dagger
Missiles
 d - 3 throwing nets (quivered) {!f}
 r - 212 stones
 H - 9 tomahawks of dispersal
Armour
 c - a +0 leather armour (worn)
 f - a +0 cloak (worn)
 g - a +0 buckler (worn)
 t - a scarf of spirit shield
 C - a +1 helmet (worn)
 E - a +2 scale mail of positive energy
Jewellery
 i - a ring of poison resistance (right hand)
 q - an uncursed ring of magical power
 J - a +1 ring of evasion (left hand)
Wands
 v - a wand of digging (10)
 F - a wand of iceblast (7)
Scrolls
 e - 2 scrolls of fog {unknown}
 k - a scroll of fear {unknown}
 l - 4 scrolls of teleportation {unknown}
 p - a scroll of blinking {unknown}
 u - 3 scrolls of magic mapping {unknown}
 w - 5 scrolls of remove curse
 x - a scroll of amnesia {unknown}
 y - 2 scrolls of random uselessness {unknown}
 B - a scroll of enchant weapon {unknown}
 G - 2 scrolls of identify
 I - a scroll of enchant armour {unknown}
Potions
 h - 2 potions of invisibility
 j - 8 potions of blood
 m - 2 potions of haste {unknown}
 n - 2 potions of heal wounds {unknown}
 o - a potion of ambrosia {unknown}
 z - 3 potions of flight {unknown}
 A - a potion of might {unknown}
 D - a potion of degeneration {unknown}


   Skills:
 + Level 2.9 Fighting
 + Level 7.7 Long Blades
 - Level 1.5 Throwing
 - Level 3.0 Armour
 + Level 4.8 Dodging
 - Level 4.2 Stealth
 - Level 4.2 Shields
 + Level 0.5 Necromancy
 - Level 1.9 Evocations


You had 4 spell levels left.
You knew the following spells:

 Your Spells              Type           Power        Failure   Level  Hunger
a - Vampiric Draining     Necr           #.........   71%         3    ####...


Dungeon Overview and Level Annotations

Branches:
Dungeon (6/15)             Temple (1/1) D:5

Altars:
Ashenzari
Cheibriados
Elyvilon
Fedhas
Gozag
Kikubaaqudgha
Makhleb
Nemelex Xobeh
Okawaru
Qazlal
Ru
Sif Muna
Trog
Uskayaw
Wu Jian
Xom
Yredelemnul
Zin
The Shining One

Shops:
D:6 *

Annotations:
D:3 exclusions: orc and orc priest
D:6 exclusions: orc priest and orc wizard


Innate Abilities, Weirdness & Mutations

You heal slowly.
You have razor-sharp teeth.
You have supernaturally acute eyesight. (SInv)
You can survive without breathing.


Message History

You hit the orc warrior.
You bite the orc warrior, but do no damage.
The orc warrior is severely wounded.
The orc warrior barely misses you.
You closely miss the orc warrior.
The orc warrior is severely wounded.
The orc warrior hits you with a short sword!
* * * LOW HITPOINT WARNING * * *
You hit the orc warrior.
The orc warrior is almost dead.
You block the orc warrior's attack.
You barely miss the orc warrior.
The orc warrior is almost dead.
The orc warrior hits you with a short sword!
* * * LOW HITPOINT WARNING * * *
You closely miss the orc warrior.
The orc warrior is almost dead.
The orc warrior hits you with a short sword!
You die...
Kikubaaqudgha rasps: "You have failed me!
Welcome... oblivion!"

#.#.###########...# #.....
#.#..........<#.#.# #.....
#.#.######....#.#.# #.....
#......%......#.#.# #.....
###.....#####.#.#.#####.....
#..........).[..............
#.#....####.#.#.##.####.....
#.#...........#.##.# #.....
#.#........@..#.##.## #.....
#.#........o..#.##..# ######
#.#...........#.###.########
#.#.........................
#.#####......##.####.####...
#.# #......................
#(####.....#####)####.###...
#...........).).......%.....
######.....#.......###.#####


You could see an orc warrior.

Vanquished Creatures
  An ice beast (D:6)
  2 ogres
  A phantom (D:6)
  2 centaurs
  2 big kobolds (D:6)
  2 bullfrogs
  3 crimson imps
  4 hounds
  2 orc priests
  Ijyb (D:3)
  A bullfrog skeleton (D:4)
  2 iguanas
  5 orc wizards
  6 worker ants
  2 hound skeletons
  2 howler monkey zombies (D:5)
  A howler monkey skeleton (D:6)
  2 adders
  2 shadow imps
  2 worms
  2 dart slugs (D:2)
  3 leopard geckos
  20 orcs
  6 hobgoblins
  16 jackals
  4 quokkas
  2 ball pythons
  4 bats
  9 frilled lizards
  5 goblins
  14 kobolds
  8 rats
138 creatures vanquished.

Notes
Turn   | Place    | Note
-------+----------+-------------------------------------------
     0 | D:1      | seren the Vampire Gladiator began the quest for the Orb.
     0 | D:1      | Reached XP level 1. HP: 16/16 MP: 1/1
   305 | D:1      | Reached XP level 2. HP: 22/22 MP: 2/2
   799 | D:2      | Reached skill level 1 in Stealth
   920 | D:2      | Reached XP level 3. HP: 25/27 MP: 3/3
  1624 | D:2      | Found a stormy altar of Qazlal.
  1627 | D:2      | Found a blossoming altar of Fedhas.
  1627 | D:2      | Found a shattered altar of Ashenzari.
  1627 | D:2      | Found a deep blue altar of Sif Muna.
  1848 | D:3      | Reached XP level 4. HP: 26/34 MP: 4/4
  2053 | D:3      | Noticed Ijyb
  2062 | D:3      | Paralysed by Ijyb for 7 turns
  2072 | D:3      | Paralysed by Ijyb for 4 turns
  2505 | D:3      | Paralysed by Ijyb for 5 turns
  2532 | D:3      | Killed Ijyb
  2532 | D:3      | Reached skill level 1 in Evocations
  2644 | D:3      | Reached skill level 4 in Long Blades
  2758 | D:3      | Noticed a centaur
  2768 | D:3      | Killed a centaur
  2768 | D:3      | Reached XP level 5. HP: 12/39 MP: 6/6
  3354 | D:4      | Reached XP level 6. HP: 46/46 MP: 7/7
  3424 | D:4      | Reached skill level 1 in Shields
  3770 | D:4      | Found a stormy altar of Qazlal.
  3773 | D:4      | Noticed a fire elemental
  3773 | D:4      | Noticed an air elemental
  3773 | D:4      | Noticed a water elemental
  3869 | D:4      | Found a sparkling altar of Nemelex Xobeh.
  3926 | D:4      | Reached skill level 5 in Long Blades
  4177 | D:4      | Learned a level 3 spell: Vampiric Draining
  4368 | D:5      | Entered Level 5 of the Dungeon
  4387 | D:4      | HP: 1/46 [orc priest/divine providence (11)]
  4927 | D:5      | Reached XP level 7. HP: 36/51 MP: 8/8
  5828 | D:5      | Found a staircase to the Ecumenical Temple.
  5837 | Temple   | Entered the Ecumenical Temple
  6167 | Temple   | Became a worshipper of Kikubaaqudgha
  6294 | D:5      | Found a deep blue altar of Sif Muna.
  7053 | D:5      | Reached skill level 6 in Long Blades
  7857 | D:6      | Reached XP level 8. HP: 47/57 MP: 9/9
  7867 | D:6      | Reached skill level 1 in Armour
  8280 | D:6      | Reached skill level 7 in Long Blades
  8285 | D:6      | Found a snail-covered altar of Cheibriados.
  8288 | D:6      | Found an opulent altar of Gozag.
  8456 | D:6      | Found Restre Ratu's Assorted Antiques.
  9094 | D:6      | Reached * piety under Kikubaaqudgha
  9094 | D:6      | Identified Kikubaaqudgha's Handbook of Necromancy (Kikubaaqudgha gifted it to you on level 6 of the Dungeon)
  9094 | D:6      | Received a gift from Kikubaaqudgha
  9540 | D:5      | Slain by an orc warrior

Vault maps used:
D:1:      minmay_arrival_open_corners
D:2:      grunt_temple_overflow_open
D:3:      uniq_ijyb
D:4:      nemelex_xobeh_ov_fountains_minmay, nicolae_qazlal_style_of_elements
D:5:      minmay_temple_entry_crystal_x, basic_altar, first_ration
D:6:      minitemple, serial_shops, nicolae_shop_overgrown_old_shop,
          minmay_unpleasant_kobolds
Temple:   minmay_temple_forest_path

Skill      XL: |  1  2  3  4  5  6  7  8 |
---------------+-------------------------+-----
Fighting       | 2 |  2.9
Stealth        | 1 2 3 4 |  4.2
Evocations     | 1 |  1.9
Long Blades    | 4 5 6 7 |  7.7
Dodging        | 4 |  4.8
Shields        | 2 4 |  4.2
Armour         | 3 |  3.0
Throwing       | |  1.5
Necromancy     | |  0.5

Action                   |  1- 3 |  4- 6 |  7- 9 || total
-------------------------+-------+-------+-------++-------
Melee: Long sword        |   128 |   152 |   294 ||   574
       Bite              |    14 |    22 |    38 ||    74
       Dagger            |       |       |     2 ||     2
 Fire: Hunting sling     |       |       |     2 ||     2
Throw: Throwing net      |       |       |     1 ||     1
 Abil: End Transformatio |       |     1 |     3 ||     4
       Bat Form          |       |     1 |     3 ||     4
  Use: Potion            |     1 |    11 |    11 ||    23
       Scroll            |       |     4 |     1 ||     5
 Stab: Sleeping          |     7 |     5 |     5 ||    17
       Distracted        |     1 |     1 |       ||     2
Armor: Leather armour    |    31 |    60 |    56 ||   147
Dodge: Dodged            |   107 |   112 |   172 ||   391
Block: Buckler           |       |       |    73 ||    73
       Rpst.: Long sword |    36 |    34 |    45 ||   115

Table legend:
 A = Spawn XP
 B = Non-spawn XP
 C = Spawn XP percentage of total XP
 D = Spawn monster count
 E = Non-spawn monster count
 F = Spawn count percentage of total count
 G = Total turns spent on level
                    A         B        C        D         E        F      G
               +---------+---------+-------+---------+---------+-------+---------
         Total |       0 |    2356 |   0.0 |       0 |     138 |   0.0 |  9540
               +---------+---------+-------+---------+---------+-------+---------
           D:1 |       0 |      20 |   0.0 |       0 |      16 |   0.0 |   708
           D:2 |       0 |      49 |   0.0 |       0 |      27 |   0.0 |  1386
           D:3 |       0 |     188 |   0.0 |       0 |      21 |   0.0 |   925
           D:4 |       0 |     428 |   0.0 |       0 |      18 |   0.0 |  3007
           D:5 |       0 |     668 |   0.0 |       0 |      26 |   0.0 |  1910
           D:6 |       0 |    1003 |   0.0 |       0 |      30 |   0.0 |  1247
               +---------+---------+-------+---------+---------+-------+---------
